 Dungeon Crawl Stone Soup version 0.30-a0-924-g0ad0bf95bc (webtiles) character file.

Game seed: 16748492130459954273

40 AppTheSpectator the Shooter (level 3, 0/30 HPs)
             Began as a Minotaur Hunter on Mar 22, 2023.
             Constricted to death by Sigmund (4 damage)
             ... on level 2 of the Dungeon on Mar 23, 2023.
             The game lasted 00:04:41 (1142 turns).

AppTheSpectator the Shooter (Minotaur Hunter)       Turns: 1142, Time: 00:04:42

Health: 0/30       AC:  4    Str: 15    XL:     3   Next: 30%
Magic:  2/2        EV:  9    Int:  6    God:
Gold:   59         SH:  0    Dex: 15    Spells: 2/2 levels left

rFire   . . .      SeeInvis .    a - +0 shortbow
rCold   . . .      Faith    .    (shield currently unavailable)
rNeg    . . .      Spirit   .    c - +1 leather armour
rPois   .          Reflect  .    (helmet restricted)
rElec   .          Rampage  .    (no cloak)
rCorr   .                        (no gloves)
Will    .....                    (no boots)
Stlth   +                        (no amulet)
HPRegen 0.25/turn                h - ring of wizardry
MPRegen 0.08/turn                (no ring)

@: grasped by roots, constricted
A: horns 2, retaliatory headbutt
a: no special abilities


You were on level 2 of the Dungeon.
You visited 1 branch of the dungeon, and saw 2 of its levels.

You collected 59 gold pieces.

Inventory:

Hand Weapons
 a - a +0 shortbow (weapon)
Missiles
 k - 9 atropa-tipped darts
Armour
 c - a +1 leather armour (worn)
 f - an orb of light
Jewellery
 h - a ring of wizardry (left hand)
Scrolls
 b - a scroll of immolation
 d - a scroll of fear {unknown}
Potions
 e - a potion of haste
 j - a potion of lignification {unknown}


   Skills:
 * Level 2.9 Fighting
 + Level 5.4 Ranged Weapons
 - Level 2.1 Dodging
 + Level 0.9 Stealth


You had 2 spell levels left.
You didn't know any spells.
Your spell library contained the following spells:

 Spells                   Type           Power      Damage    Failure   Level
 Summon Small Mammal      Summ           0%         N/A       24%         1
 Cigotuvi's Dreadful Rot  Necr/Pois/Air  0%         N/A       34%         2
 Call Canine Familiar     Summ           0%         N/A       56%         3
 Summon Guardian Golem    Hex/Summ       0%         N/A       56%         3
 Dispel Undead            Necr           0%         3d6       91%         4
 Death Channel            Necr           0%         N/A       100%        6


Dungeon Overview and Level Annotations

Branches:
Dungeon (2/15)

Altars:

Shops:
D:2 (?[

Annotations:
D:2 Sigmund


Innate Abilities, Weirdness & Mutations

You have a pair of horns on your head.
You reflexively headbutt those who attack you in melee.


Message History

You shoot an arrow. The arrow hits Sigmund.
Sigmund is lightly wounded.
The grasping roots constrict you.
You shoot an arrow. The arrow hits Sigmund!
Sigmund is moderately wounded.
A ball python comes into view.
The grasping roots constrict you!
The grasping roots release their grip on you.
You are too injured to fight recklessly!
You are too injured to fight recklessly!
You are too injured to fight recklessly!
You are too injured to fight recklessly!
You are too injured to fight recklessly!
You are too injured to fight recklessly!
You are too injured to fight recklessly!
You are too injured to fight recklessly!
You are too injured to fight recklessly!
You are too injured to fight recklessly!
You are too injured to fight recklessly!
You are too injured to fight recklessly!
You are too injured to fight recklessly!
You are too injured to fight recklessly!
You are too injured to fight recklessly!
You are too injured to fight recklessly!
You are too injured to fight recklessly!
You are too injured to fight recklessly!
Sigmund points at you and mumbles some strange words.
The magic dart hits you.
* * * LOW HITPOINT WARNING * * *
Okay, then.
A quokka comes into view.
The quokka moves out of view.
Sigmund zaps a wand.
The roots erupt in riotous growth!
The grasping roots grab you! The grasping roots constrict you.
* * * LOW HITPOINT WARNING * * *
The roots grasp on you weakens, but your attempt to escape fails.
Sigmund giggles. "Time to reap what you sow."
The grasping roots constrict you.
You die...

##. ###.###
........#.####
#...##..#....###### #
#.......#..........
#.#.......####.######
.#..#.#.......#......####
.........................
#.#..#.#........†.#.....
#....r.@.....#....######
#....#.#.#.#.###..# #...
#..:...#..........# #.##
.#....S@#...#.##...#
....$......##.##...###.
.#<...........#........##
...∩.####...###.##.......
...$. #.................
^.. #......†...#########


You could see Sigmund, a quokka and a ball python.

Vanquished Creatures
  2 adders (D:2)
  A dart slug (D:1)
  An endoplasm (D:2)
  3 goblins
  4 hobgoblins
  3 ball pythons
  2 bats (D:2)
  A frilled lizard (D:1)
  2 kobolds (D:1)
  2 rats (D:1)
21 creatures vanquished.

Notes
Turn   | Place    | Note
-------+----------+-------------------------------------------
     0 | D:1      | AppTheSpectator the Minotaur Hunter began the quest for the
                  | Orb.
     0 | D:1      | Reached XP level 1. HP: 18/18 MP: 0/0
   356 | D:1      | Reached XP level 2. HP: 18/25 MP: 1/1
   832 | D:2      | Found Yrgho Ega's Magic Scroll Boutique.
   976 | D:2      | Reached skill level 5 in Ranged Weapons
  1063 | D:2      | Found Virruf's Armour Shoppe.
  1123 | D:2      | Reached XP level 3. HP: 30/30 MP: 2/2
  1126 | D:2      | Found Volirol's Antique Weapon Shoppe.
  1133 | D:2      | Noticed Sigmund
  1142 | D:2      | Constricted to death by Sigmund

Illustrated notes

Levels and vault maps discovered:
D:1:      dpeg_arrival_pond, layout_loops_ring, serial_bayou_lagoon_b
D:2:      layout_basic, basic_ecumenical_altar, serial_shops, shop,
          nicolae_diamond_shop, shop, shop, uniq_sigmund

Skill      XL: |  1  2 |
---------------+-------+-----
Ranged Weapons | 5 |  5.4
Fighting       | |  2.9
Dodging        | |  2.1
Stealth        | |  0.9

Action                     || total
---------------------------++-------
   Fire: Shortbow          ||    58
    Use: Scroll            ||     3
 Armour: Leather armour    ||     6
  Dodge: Dodged            ||     8

Table legend: (Time is in decaauts)
 A = Elapsed time spent in this place.
 B = Non-inter-level travel time spent in this place.
 C = Inter-level travel time spent in this place.
 D = Time resting spent in this place.
 E = Time spent auto-exploring this place.
 F = Levels seen in this place.
 G = Mean time per level.
                   A        B        C        D        E       F      G
               +--------+--------+--------+--------+--------+-----+--------+
         Total |   1171 |   1126 |     45 |    100 |    872 |   2 |  585.5 |
       Dungeon |   1171 |   1126 |     45 |    100 |    872 |   2 |  585.5 |
               +--------+--------+--------+--------+--------+-----+--------+

Top non-repeatable levels by time:
     D:1: 836 daAuts
     D:2: 335 daAuts
